 Dungeon Crawl Stone Soup version 0.20-a0-809-gaf7f668 (webtiles) character file.

6654 Klosterheim the Ogre Mage (level 11, -2/115 HPs)
             Began as an Ogre Wizard on Mar 2, 2017.
             Was a Believer of Sif Muna.
             Slain by an unseen horror (7 damage)
             ... on level 9 of the Dungeon.
             The game lasted 00:45:52 (20055 turns).

Klosterheim the Ogre Mage (Ogre Wizard)            Turns: 20055, Time: 00:45:52

Health: -2/115     AC:  4    Str: 13    XL:     11   Next: 3%
Magic:  23/27      EV: 11    Int: 22    God:    Sif Muna [**....]
Gold:   666        SH:  0    Dex:  7    Spells: 28/34 levels left

rFire    + . .     SeeInvis .   p - staff of fire
rCold    . . .     Gourm    .   a - +0 robe
rNeg     . . .     Faith    .   (no shield)
rPois    +         Spirit   .   b - +1 hat
rElec    .         Reflect  .   (no cloak)
rCorr    .         Harm     .   (gloves unavailable)
MR       ++...                  (boots unavailable)
Stlth    +.........             (no amulet)
Regen    0.3/turn               v - ring of protection from magic
MPRegen  0.2/turn               l - ring of poison resistance

@: divine energy
A: unfitting armour, tough skin 1
a: Stop Divine Energy, Renounce Religion


You were on level 9 of the Dungeon.
You worshipped Sif Muna.
Sif Muna was pleased with you.
You were very hungry.

You visited 2 branches of the dungeon, and saw 10 of its levels.

You collected 666 gold pieces.

Inventory:

Hand Weapons
 f - a +0 quarterstaff
Armour
 a - a +0 robe (worn)
 b - a +1 hat (worn)
Magical Staves
 p - an uncursed staff of fire (weapon)
Jewellery
 l - a ring of poison resistance (left hand)
 n - an uncursed ring of stealth
 r - an uncursed ring of ice
 s - an uncursed ring of protection from fire
 v - a ring of protection from magic (right hand)
 w - an uncursed ring of fire
Wands
 m - a wand of iceblast (0/15)
 t - a wand of digging (0/24)
 A - a wand of disintegration (8/24)
 C - a wand of random effects (14/48)
Scrolls
 e - 6 scrolls of remove curse
 q - a scroll of amnesia
 u - a scroll of magic mapping
 y - a scroll of fog
 z - a scroll of enchant armour
Potions
 g - a potion of curing {unknown}
 h - 2 potions of might
 i - 3 potions of lignification
 j - 2 potions of heal wounds {unknown}
 k - 6 potions of flight
 o - 2 potions of cancellation
 x - a potion of agility
 B - a potion of degeneration {unknown}
Books
 c - a book of Minor Magic

   Spells                             Type                      Level
   a - Magic Dart                     Conjuration                  1
   b - Blink                          Translocation                2
   c - Call Imp                       Summoning                    2
   d - Slow                           Hexes                        2
   e - Conjure Flame                  Conjuration/Fire             3
   f - Mephitic Cloud                 Conjuration/Poison/Air       3
Comestibles
 d - 7 bread rations


   Skills:
 - Level 9.0 Fighting
 - Level 4.4 Dodging
 - Level 1.4 Stealth
 + Level 12.1 Spellcasting
 * Level 8.4 Conjurations
 - Level 0.8 Summonings
   Level 0.8 Translocations


You had 28 spell levels left.
You knew the following spells:

 Your Spells              Type           Power        Failure   Level  Hunger
a - Magic Dart            Conj           ####         1%          1    None
b - Call Imp              Summ           ###.....     8%          2    None
c - Mephitic Cloud        Conj/Pois/Air  ####....     6%          3    None


Dungeon Overview and Level Annotations

Branches:
Dungeon (9/15)             Temple (1/1) D:6
   Lair: D:8-11         Orc: D:9-12

Altars:
Ashenzari
Cheibriados
Dithmenos
Elyvilon
Fedhas
Gozag
Hepliaklqana
Kikubaaqudgha
Makhleb
Nemelex Xobeh
Okawaru
Qazlal
Ru
Sif Muna
Trog
Uskayaw
Vehumet
Wu Jian
Xom
Yredelemnul
Zin
The Shining One


Innate Abilities, Weirdness & Mutations

You are too large for most types of armour.
You have tough skin. (AC +1)


Message History

* * * LOW HITPOINT WARNING * * *
Something hits you.
* * * LOW HITPOINT WARNING * * *
Casting: Magic Dart
Confirm with . or Enter, or press ? or * to list all spells.
You can't see any susceptible monsters within range! (Use Z to cast anyway.)
Something hits you.
* * * LOW HITPOINT WARNING * * *
Your shadow imp gestures at something.
Something hits you!
* * * LOW HITPOINT WARNING * * *
Something hits you!
* * * LOW HITPOINT WARNING * * *
Okay, then.
Okay, then.
Memorise Conjure Flame, consuming 3 spell levels and leaving 25?
Something hits you.
Your memorisation is interrupted.
* * * LOW HITPOINT WARNING * * *
Something hits you!
You die...

#.# #.#.....#.####
#.#######.#..#..#.#
#<........#.......#
##################.####
#.........# #.#
#.#######.# #.# #####
#.# #.# ### #.# #....
#.#
#####.###.####.###.#
#.#
#....@..5.55.......#
########.#
#.###.###.####.#...#
....)....###)###.# ###
#....#....
##.#..#..........#
#.....###..
#.#.#..####.#####
##....# ## #..###.##
#.# ##.#.# #.## ##.#
#.# #.#.# #..###.## #.#
#.#.. #.#.#..# #.#


You could see 2 friendly white imps and a friendly shadow imp.

Vanquished Creatures
  A two-headed ogre (D:9)
  The ghost of Alarkh the Slasher, a novice DsFi (D:4)
  2 hippogriffs (D:8)
  Sigmund (D:5)
  A shadow (D:8)
  A hungry ghost (D:8)
  A water moccasin (D:4)
  4 orc warriors
  A black bear (D:8)
  2 ice beasts (D:5)
  3 phantoms
  5 sky beasts
  A necrophage (D:8)
  An eye of draining (D:9)
  3 ogres
  2 centaurs
  3 big kobolds
  4 bullfrogs
  4 scorpions
  Dowan (D:6)
  A water moccasin skeleton (D:8)
  A killer bee (D:8)
  2 electric eels (D:6)
  4 howler monkeys
  12 crimson imps
  A bullfrog zombie (D:6)
  2 orc priests
  A centaur skeleton (D:7)
  6 hounds
  A jelly (D:4)
  11 orc wizards
  3 iguanas
  9 worker ants
  2 hound skeletons
  Robin (D:3)
  7 gnolls
  10 adders
  2 shadow imps
  2 oozes
  3 adder skeletons
  3 worms
  4 dart slugs
  7 leopard geckos
  29 orcs
  2 ball pythons
  9 giant cockroaches
  9 hobgoblins
  5 jackals
  5 quokkas
  9 bats
  6 frilled lizards
  18 goblins
  22 kobolds
  A leopard gecko zombie (D:5)
  8 rats
  3 plants (D:2)
263 creatures vanquished.

Vanquished Creatures (collateral kills)
  A wyvern (D:9)
  Edmund (D:5)
  Duvessa (D:6)
  An orc warrior (D:5)
  A necrophage (D:8)
  A bullfrog (D:5)
  A scorpion (D:7)
  A wight (D:8)
  A crimson imp (D:8)
  A hound (D:9)
  3 orc wizards
  An adder (D:7)
  A shadow imp (D:5)
  3 orcs
  A quokka (D:8)
  A kobold (D:7)
20 creatures vanquished.

Grand Total: 283 creatures vanquished

Notes
Turn   | Place    | Note
-------+----------+-------------------------------------------
     0 | D:1      | Klosterheim the Ogre Wizard began the quest for the Orb.
     0 | D:1      | Reached XP level 1. HP: 16/16 MP: 5/5
    15 | D:1      | Reached skill level 1 in Conjurations
   388 | D:1      | Reached XP level 2. HP: 24/24 MP: 2/6
   978 | D:1      | Reached skill level 4 in Spellcasting
  1035 | D:1      | Reached XP level 3. HP: 31/31 MP: 1/8
  1800 | D:2      | Reached XP level 4. HP: 11/39 MP: 1/10
  3058 | D:2      | Reached XP level 5. HP: 45/45 MP: 3/12
  3725 | D:3      | Noticed Robin
  3744 | D:3      | Killed Robin
  4068 | D:3      | Reached skill level 5 in Spellcasting
  4143 | D:3      | Learned a level 2 spell: Call Imp
  4147 | D:3      | Learned a level 3 spell: Mephitic Cloud
  4369 | D:3      | Reached XP level 6. HP: 53/53 MP: 7/13
  4965 | D:4      | Noticed a phantom
  4994 | D:4      | Killed a phantom
  4994 | D:4      | Reached skill level 6 in Spellcasting
  5398 | D:4      | Noticed a water moccasin
  5402 | D:4      | Killed a water moccasin
  5402 | D:4      | Reached skill level 7 in Spellcasting
  5402 | D:4      | Reached XP level 7. HP: 44/59 MP: 15/17
  5411 | D:4      | Noticed Alarkh's ghost (novice DsFi)
  5914 | D:4      | Reached skill level 8 in Spellcasting
  6121 | D:4      | Found a burning altar of Makhleb.
  6735 | D:4      | Killed Alarkh's ghost
  6735 | D:4      | Reached skill level 9 in Spellcasting
  6735 | D:4      | Reached XP level 8. HP: 14/67 MP: 7/21
  6989 | D:5      | Entered Level 5 of the Dungeon
  7280 | D:5      | Reached skill level 10 in Spellcasting
  7474 | D:5      | Noticed Sigmund
  7599 | D:5      | Killed Sigmund
  8294 | D:5      | Reached skill level 5 in Fighting
  8609 | D:5      | Reached XP level 9. HP: 67/88 MP: 9/23
  9161 | D:5      | HP: 4/89 [poisoned by a scorpion]
  9169 | D:5      | HP: 4/89 [poisoned by a scorpion]
  9912 | D:6      | Noticed Duvessa
  9916 | D:6      | Noticed Edmund
  9916 | D:6      | Noticed Dowan
 10242 | D:5      | Killed Edmund
 12573 | D:6      | Found a staircase to the Ecumenical Temple.
 12582 | Temple   | Entered the Ecumenical Temple
 12617 | Temple   | Became a worshipper of Sif Muna the Loreminder
 12689 | D:6      | Killed Dowan
 12955 | D:6      | Killed Duvessa
 13741 | D:7      | Found a basalt altar of Yredelemnul.
 13788 | D:7      | Found a hide-covered altar of Uskayaw.
 14322 | D:7      | Found a glowing golden altar of the Shining One.
 14322 | D:7      | Found a blossoming altar of Fedhas.
 14570 | D:8      | Reached XP level 10. HP: 107/107 MP: 15/24
 14786 | D:8      | Reached skill level 5 in Conjurations
 14839 | D:8      | Reached skill level 11 in Spellcasting
 15068 | D:8      | Found a runed door.
 15544 | D:8      | Reached * piety under Sif Muna
 15960 | D:8      | Found an ancient bone altar of Kikubaaqudgha.
 16155 | D:8      | Found a runed door.
 18834 | D:9      | Noticed a two-headed ogre
 18870 | D:9      | Killed a two-headed ogre
 18870 | D:9      | Reached ** piety under Sif Muna
 18904 | D:9      | Reached skill level 12 in Spellcasting
 19263 | D:9      | Reached XP level 11. HP: 19/115 MP: 20/27
 19902 | D:9      | Found a burning altar of Makhleb.
 20054 | D:9      | HP: 4/115 [something (5)]
 20055 | D:9      | Slain by an unseen horror

Vault maps used:
D:1:      sevenhm_arrival_forest_fort_small_5, roderic_lattice_a
D:2:      serial_forest, infiniplex_forest_lined_3,
          infiniplex_forest_straight_3, infiniplex_forest_clump_long,
          infiniplex_forest_straight_4, infiniplex_forest_clump_double,
          infiniplex_forest_clump_long, infiniplex_forest_straight_5,
          infiniplex_forest_lined_room_3, first_bread
D:3:      uniq_robin
D:4:      makhleb_blood_cavern_becter
D:5:      uniq_sigmund
D:6:      minmay_temple_entry_butterflies, serial_bayou_ford_a, uniq_edmund,
          uniq_duvessa
D:7:      gammafunk_temple_overflow_pools, minitemple
D:8:      cheibrodos_histonic, kiku_gazebo_garden_becter
D:9:      basic_altar
Temple:   lightli_temple_of_artemis

Skill      XL: |  1  2  3  4  5  6  7  8  9 10 |
---------------+-------------------------------+-----
Conjurations   | 1 2 3 4 8 |  8.4
Spellcasting   | 4 5 7 9 10 12 | 12.1
Fighting       | 5 9 |  9.0
Dodging        | 3 4 |  4.4
Stealth        | |  1.4
Summonings     | |  0.8
Translocations | |  0.8

Action                   |  1- 3 |  4- 6 |  7- 9 | 10-12 || total
-------------------------+-------+-------+-------+-------++-------
Melee: Unarmed           |    23 |       |       |       ||    23
       Flail             |       |    94 |       |       ||    94
       Staff             |       |     2 |    42 |    37 ||    81
 Cast: Magic Dart        |    80 |   170 |   537 |   421 ||  1208
       Call Imp          |       |     2 |    43 |    31 ||    76
       Mephitic Cloud    |       |       |    10 |     8 ||    18
Invok: Divine Energy     |       |       |       |     1 ||     1
Evoke: Wand              |       |     2 |     5 |     3 ||    10
  Use: Scroll            |       |     5 |     5 |     8 ||    18
       Potion            |       |       |     2 |     2 ||     4
 Stab: Distracted        |       |     1 |       |       ||     1
  Eat: Chunk             |     3 |     8 |    20 |     8 ||    39
       Fruit             |       |     2 |       |       ||     2
       Royal jelly       |       |       |     2 |     2 ||     4
       Meat ration       |       |       |     1 |     1 ||     2
Armor: Robe              |     8 |    12 |    64 |    51 ||   135
       Skin              |       |       |    26 |     9 ||    35
Dodge: Dodged            |    17 |    27 |   157 |   100 ||   301
